 Dungeon Crawl Stone Soup version 0.30-a0-576-g89cddaab80 (webtiles) character file.

Game seed: 8469452498373204741

105 arthad the Digger (level 5, 0/16 HPs)
             Began as a Meteoran Earth Elementalist on Dec 31, 2022.
             Slain by Terence
             ... wielding a +0 falchion
              (5 damage)
             ... on level 3 of the Dungeon.
             The game lasted 00:08:49 (1950 turns).

arthad the Digger (Meteoran Earth Elementalist)     Turns: 1950, Time: 00:08:50

Health: 0/16       AC:  2    Str: 10    XL:     5   Next: 30%
Magic:  1/11       EV: 18    Int: 18    God:
Gold:   83         SH:  5    Dex: 14    Spells: 7/11 levels left

rFire   . . .      SeeInvis .    (no weapon)
rCold   + . .      Faith    .    (no shield)
rNeg    . . .      Spirit   .    a - +0 robe
rPois   .          Reflect  +    (no helmet)
rElec   .          Harm     .    (no cloak)
rCorr   .          Rampage  .    (no gloves)
Will    .....                    (no boots)
Stlth   +                        e - amulet of reflection
HPRegen 0.22/turn                g - ring of protection from cold
MPRegen 0.12/turn                h - +5 ring of evasion

@: very slightly contaminated, glowing
A: sense surroundings 1, otherworldly, glowing, explore regen
a: no special abilities


You were on level 3 of the Dungeon.
You visited 1 branch of the dungeon, and saw 3 of its levels.

You collected 83 gold pieces.

Inventory:

Armour
 a - a +0 robe (worn)
Jewellery
 e - an amulet of reflection (around neck)
 g - a ring of protection from cold (left hand)
 h - a +5 ring of evasion (right hand)
 m - a ring of see invisible
Scrolls
 d - a scroll of vulnerability {unknown}
 f - a scroll of enchant armour {unknown}
 n - a scroll of enchant weapon {unknown}
Potions
 b - a potion of magic
 i - 2 potions of curing
 k - a potion of invisibility


   Skills:
 + Level 3.0 Dodging
 * Level 2.1 Stealth
 * Level 3.6 Spellcasting
 * Level 1.6 Conjurations
 + Level 2.1 Transmutations
 + Level 0.0 Air Magic
 * Level 4.3 Earth Magic


You had 7 spell levels left.
You knew the following spells:

 Your Spells              Type           Power      Damage    Failure   Level
a - Sandblast             Erth           36%        2d10      2%          1
b - Stone Arrow           Conj/Erth      28%        3d8       14%         3

Your spell library contained the following spells:

 Spells                   Type           Power      Damage    Failure   Level
 Passwall                 Tmut/Erth      11%        N/A       6%          2
 Shock                    Conj/Air       24%        1d4       11%         1
 Petrify                  Tmut/Erth      14%        N/A       38%         4
 Call Canine Familiar     Summ           3%         N/A       43%         3
 Portal Projectile        Hex/Tloc       6%         N/A       43%         3
 Swiftness                Air            3%         N/A       43%         3
 Animate Armour           Summ/Erth      20%        N/A       54%         4
 Leda's Liquefaction      Hex/Erth       5%         N/A       54%         4
 Airstrike                Air            1%         2d(1-17)  83%         4
 Lehudib's Crystal Spear  Conj/Erth      7%         10d3      100%        8


Dungeon Overview and Level Annotations

Branches:
Dungeon (3/15) Zot: 400

Altars:

Annotations:
D:3 Natasha, Terence


Innate Abilities, Weirdness & Mutations

You passively map a small area around you.
You are easily found by Zot.
You glow in the dark.
You regain HP and MP as you explore.


Message History

Confirm with . or Enter, or press ? or * to list all spells.
The spell is astonishingly dangerous to miscast (14% risk of failure)!
Continue anyway?
Aiming: Stone Arrow (astonishingly dangerous; 14% risk of failure)
Press: ? - help, Shift-Dir - straight line, f/p - Natasha
Aim: Natasha (60% to hit)
You miscast Stone Arrow.
You are very lightly contaminated with residual magic.
Nothing appears to happen.
The bat barely misses your bat.
Your bat hits Terence but does no damage.
The quokka bites your bat but does no damage.
Natasha mumbles some strange words.
Your bat barely misses the quokka.
Terence barely misses your bat.
Aiming: Sandblast (safe; 2% risk of failure)
Press: ? - help, Q - select action Shift-Dir - straight line, f/p - Natasha
Aim: Natasha (77% to hit)
Really fire in your bat's direction? [Y]es or [N]o only, please.
Really fire in your bat's direction?
Okay, then.
Okay, then.
Aiming: Sandblast (safe; 2% risk of failure)
Press: ? - help, Q - select action Shift-Dir - straight line, f - Terence, p - Natasha
Aim: Terence, wielding a +0 falchion and wearing a +0 chain mail (almost dead, not watching you, 87% to hit)
The blast of sand hits Terence but does no damage.
Terence is almost dead.
Your bat hits the quokka but does no damage.
Your bat hits Terence but does no damage.
The quokka closely misses your bat.
Your bat misses the bat. The bat barely misses your bat.
The quokka bites your bat.
Your bat dies!
Your bat's corpse dissolves into shadows!
Natasha mumbles some strange words.
You block Terence's attack.
Aiming: Sandblast (safe; 2% risk of failure)
Press: ? - help, Q - select action Shift-Dir - straight line, f - Natasha, p - Terence
Aim: Natasha (77% to hit)
The blast of sand hits Terence but does no damage.
Terence is almost dead.
Terence hits you with a +0 falchion. x2
You die...

*,* *,,,,,**** *, *,*
***,*** *. #.# *,* *.
#.# **+#* *# #.#
**...** # #.###
**....,** # #.#.##
**.....,,** ##
#....####h........####.
#.....@@br5.......†....
#...(####55.......####.
#.#.## **.....,,** ##
#.### **....,** ####
#.# **...*####.## #.##
*#'#*#...... #..#
#.###.##### ##.#
#.##..#.... #.#
##.##..#._.<


You could see Terence, an iron imp (summoned), Natasha, a crimson imp
(summoned), a white imp (summoned), a quokka and a bat.

Vanquished Creatures
  3 adders (D:2)
  4 worms (D:2)
  A dart slug (D:2)
  2 orcs (D:3)
  4 bats
  3 endoplasms (D:1)
  2 giant cockroaches
  5 goblins
  5 hobgoblins
  6 jackals
  A quokka (D:2)
  8 ball pythons
  2 frilled lizards
  6 kobolds
  11 rats
63 creatures vanquished.

Notes
Turn   | Place    | Note
-------+----------+-------------------------------------------
     0 | D:1      | arthad the Meteoran Earth Elementalist began the quest for
                  | the Orb.
     0 | D:1      | Reached XP level 1. HP: 14/14 MP: 5/5
    77 | D:1      | Reached XP level 2. HP: 19/20 MP: 1/6
   257 | D:1      | Reached XP level 3. HP: 26/26 MP: 4/8
   484 | D:1      | Glimpsed the power of Zot.
   534 | D:1      | Glimpsed the power of Zot.
   574 | D:1      | Glimpsed the power of Zot.
   583 | D:1      | Touched by the power of Zot.
   684 | D:1      | Glimpsed the power of Zot.
   733 | D:1      | Glimpsed the power of Zot.
   773 | D:1      | Glimpsed the power of Zot.
   783 | D:1      | Touched by the power of Zot.
   888 | D:2      | Reached skill level 4 in Earth Magic
   917 | D:2      | Reached skill level 1 in Conjurations
   920 | D:2      | Reached XP level 4. HP: 18/18 MP: 1/9
  1464 | D:2      | Glimpsed the power of Zot.
  1482 | D:2      | Reached XP level 5. HP: 24/24 MP: 11/11
  1513 | D:2      | Glimpsed the power of Zot.
  1551 | D:2      | Glimpsed the power of Zot.
  1560 | D:2      | Touched by the power of Zot.
  1658 | D:2      | Glimpsed the power of Zot.
  1680 | D:3      | Found a faded altar of an unknown god.
  1700 | D:3      | Learned a level 3 spell: Stone Arrow
  1941 | D:3      | Noticed Terence
  1943 | D:3      | Noticed Natasha
  1950 | D:3      | Slain by Terence

Illustrated notes

Levels and vault maps discovered:
D:1:      dpeg_arrival_signposts, layout_basic
D:2:      layout_loops_corners
D:3:      layout_loops_corners, nicolae_ecumenical_oubliette, uniq_terence,
          uniq_natasha, uniq_grinder, uniq_jessica

Skill      XL: |  1  2  3  4 |
---------------+-------------+-----
Spellcasting   | 3 |  3.6
Earth Magic    | 4 |  4.3
Conjurations   | 1 |  1.6
Stealth        | 2 |  2.1
Dodging        | 3 |  3.0
Transmutations | 2 |  2.1

Action                   |  1- 3 |  4- 6 || total
-------------------------+-------+-------++-------
 Cast: Sandblast         |    48 |    54 ||   102
       Stone Arrow       |       |     1 ||     1
  Use: Scroll            |       |     7 ||     7
Armor: Robe              |     4 |     3 ||     7
Dodge: Dodged            |    16 |     6 ||    22
Block: Other             |     1 |     4 ||     5
       Reflection        |       |     1 ||     1

Table legend: (Time is in decaauts)
 A = Elapsed time spent in this place.
 B = Non-inter-level travel time spent in this place.
 C = Inter-level travel time spent in this place.
 D = Time resting spent in this place.
 E = Time spent auto-exploring this place.
 F = Levels seen in this place.
 G = Mean time per level.
                   A        B        C        D        E       F      G
               +--------+--------+--------+--------+--------+-----+--------+
         Total |   1999 |   1936 |     63 |     55 |   1445 |   3 |  666.3 |
       Dungeon |   1999 |   1936 |     63 |     55 |   1445 |   3 |  666.3 |
               +--------+--------+--------+--------+--------+-----+--------+

Top non-repeatable levels by time:
     D:1: 863 daAuts
     D:2: 859 daAuts
     D:3: 276 daAuts
